 Dungeon Crawl Stone Soup version 0.21.1-1-g345015fe64 (webtiles) character file.

41 Gargoyl the Skirmisher (level 3, 0/31 HPs)
             Began as a Centaur Abyssal Knight on July 30, 2018.
             Was a Follower of Lugonu.
             Slain by a quokka (3 damage)
             ... on level 2 of the Dungeon.
             The game lasted 00:02:25 (1315 turns).

Gargoyl the Skirmisher (Centaur Abyssal Knight)     Turns: 1315, Time: 00:02:25

Health: 0/31       AC: 12    Str:  7 (10) XL:     3   Next: 32%
Magic:  4/4        EV:  0    Int: 13 (16) God:    Lugonu [*.....]
Gold:   155        SH:  0    Dex:  8 (9)  Spells: 2/2 levels left

rFire    + . .     SeeInvis .   d - +3 great mace (protect)
rCold    . . .     Gourm    .   (shield currently unavailable)
rNeg     . . .     Faith    .   e - +1 chain mail {rF+}
rPois    .         Spirit   .   (no helmet)
rElec    .         Reflect  .   (no cloak)
rCorr    .         Harm     .   (no gloves)
MR       .....                  (no barding)
Stlth    ..........             (no amulet)
HPRegen  0.10/turn              (no ring)
MPRegen  0.09/turn              (no ring)

@: brilliant, lethally poisoned (0 -> -1), very slightly contaminated, very
quick
A: large, hooves 3, icy blue scales 1, molten scales 1, deformed body, speed 2,
tough skin 3, weak 2
a: Depart the Abyss, Renounce Religion


You were on level 2 of the Dungeon.
You worshipped Lugonu.
Lugonu was aware of your devotion.
You were not hungry.

You visited 1 branch of the dungeon, and saw 2 of its levels.
You visited the Abyss 1 time.

You collected 155 gold pieces.

Inventory:

Hand Weapons
 a - a +1 hand axe
 d - a +3 great mace of protection (weapon)
Armour
 b - a +0 leather armour
 e - a +1 chain mail of fire resistance (worn)
Scrolls
 m - a scroll of blinking
 n - a scroll of identify
Comestibles
 c - 2 rations


   Skills:
 + Level 3.6 Fighting
 + Level 1.9(2.0) Axes
 + Level 0.8(1.4) Maces & Flails
 * Level 1.9 Armour
 + Level 0.6 Dodging
 * Level 2.2 Invocations


You had 2 spell levels left.
You didn't know any spells.

Dungeon Overview and Level Annotations

Branches:
Dungeon (2/15)

Altars:


Innate Abilities, Weirdness & Mutations

You have hooves in place of feet.
Armour fits poorly on your strangely shaped body.
You cover ground very quickly.
You have extremely tough skin. (AC +3)
You are partially covered in icy blue scales. (AC +2)
You are partially covered in molten scales. (AC +2)
You are very weak. (Str -4)


Message History

The quokka bites you but does no damage.
The giant cockroach bites you but does no damage.
The kobold throws a stone.
The stone hits you but does no damage.
* * * LOW HITPOINT WARNING * * *
You feel sick.
You see here a bat corpse.
A kobold comes into view. It is wielding a short sword of venom.
The kobold shouts!
The kobold throws a stone.
The stone hits you but does no damage.
You see here a stone.
The kobold throws a stone.
The stone hits you but does no damage.
You see here a stone.
The kobold throws a stone.
The stone hits you but does no damage.
Found a stone staircase leading down.
You see here a stone.
You feel sick.
The kobold throws a stone.
The stone hits you but does no damage.
You see here a stone.
The quokka bites you.
You die...

......###....s........
......(..............#
..#........####..K....
..#.....((†((........#
. #.........s.s.###+#
#..........l(.#
#...........s###
#........#..Kr.#
##.......#..##@#
#########..##.#
#..##.# #.. #.# #..
..# #.. .## . #.


You could see a quokka, 2 giant cockroaches, a kobold and a frilled lizard.

Vanquished Creatures
  An adder (D:2)
  A white imp (Abyss:2)
  2 leopard geckos
  3 hobgoblins (D:1)
  A ball python (D:1)
  8 bats
  A frilled lizard (D:1)
  5 goblins (D:1)
  A kobold (D:1)
  A rat (D:1)
24 creatures vanquished.

Notes
Turn   | Place    | Note
-------+----------+-------------------------------------------
     0 | Abyss:1  | Gargoyl the Centaur Abyssal Knight began the quest for the Orb.
     0 | Abyss:1  | Reached XP level 1. HP: 19/19 MP: 2/2
    71 | Abyss:2  | Found a corrupted altar of Lugonu.
   107 | Abyss:2  | Noticed a hellwing
   112 | D:1      | Escaped the Abyss
   395 | D:1      | Reached XP level 2. HP: 26/26 MP: 3/3
   659 | D:1      | Reached * piety under Lugonu
  1164 | D:1      | Reached XP level 3. HP: 30/31 MP: 4/4
  1276 | D:2      | Gained mutation: You are weak. (Str -2) [potion of mutation]
  1276 | D:2      | Gained mutation: You are very weak. (Str -4) [potion of mutation]
  1276 | D:2      | Gained mutation: You are partially covered in molten scales. (AC +2) [potion of mutation]
  1276 | D:2      | Gained mutation: You are partially covered in icy blue scales. (AC +2) [potion of mutation]
  1315 | D:2      | Slain by a quokka

Action                   || total
-------------------------++-------
Melee: Great mace        ||    90
       Kick              ||     9
Invok: Depart the Abyss  ||     1
  Use: Scroll            ||     6
       Potion            ||     3
  Eat: Chunk             ||     1
Armor: Chain mail        ||   179
Dodge: Dodged            ||    47
